 Dungeon Crawl Stone Soup version 0.30-a0-341-g682706514a (webtiles) character file.

Game seed: 7204919634304814726

714 runemasterragnar the Ruffian (level 7, -4/59 HPs)
             Began as a Red Draconian Transmuter on Nov 1, 2022.
             Was a Priest of Cheibriados.
             Slain by a two-headed ogre
             ... wielding a +0 giant club
              (13 damage)
             ... on level 5 of the Dungeon.
             The game lasted 00:05:07 (3192 turns).

runemasterragnar the Ruffian (DrTm)                 Turns: 3192, Time: 00:05:08

Health: -4/59      AC:  2    Str: 22    XL:     7   Next: 41%
Magic:  9/12       EV: 22    Int: 22    God:    Cheibriados [***...]
Gold:   223        SH:  0    Dex: 24    Spells: 7/13 levels left

rFire   . . .      SeeInvis .      - Unarmed
rCold   . . .      Faith    +    (shield currently unavailable)
rNeg    + . .      Spirit   .    (body armour unavailable)
rPois   x          Reflect  .    (helmet currently unavailable)
rElec   .          Harm     .    (cloak currently unavailable)
rCorr   .          Rampage  .    (gloves currently unavailable)
Will    .....                    (boots currently unavailable)
Stlth   ++........               b - amulet of faith
HPRegen 0.29/turn                g - ring of wizardry
MPRegen 0.13/turn                l - ring of positive energy

@: spider-form, very slow
A: venomous fangs, (breathe fire), AC +6, tiny, unfitting armour, (fire
resistance 1), (cold-blooded)
a: End Transformation, Renounce Religion, Bend Time, Temporal Distortion


You were on level 5 of the Dungeon.
You worshipped Cheibriados.
Cheibriados was most pleased with you.
You were a venomous arachnid creature.
You visited 1 branch of the dungeon, and saw 5 of its levels.

You collected 223 gold pieces.

Inventory:

Hand Weapons
 t - the +10 long sword "Diyd" {vorpal, rC- Will+ Dex+7 Stlth-}
   (You found it on level 4 of the Dungeon)

   It inflicts extra damage upon your enemies.
   Dex:       It affects your dexterity (+7).
   rC:        It makes you vulnerable to cold.
   Will:      It increases your willpower.
   Stlth:     It makes you less stealthy.
Jewellery
 b - an amulet of faith (around neck)
 g - a ring of wizardry (left front leg)
 l - a ring of positive energy (right front leg)
 p - an amulet of regeneration
 r - a ring of protection from fire
Wands
 f - a wand of paralysis (10)
Scrolls
 d - a scroll of enchant armour {unknown}
 e - 2 scrolls of vulnerability {unknown}
 h - a scroll of teleportation {unknown}
 i - 3 scrolls of identify {unknown}
 m - 4 scrolls of butterflies {unknown}
 n - 2 scrolls of noise {unknown}
 o - a scroll of silence {unknown}
 s - a scroll of enchant weapon {unknown}
 u - 2 scrolls of summoning {unknown}
 v - a scroll of immolation {unknown}
Potions
 a - a potion of lignification
 c - a potion of flight
 j - 2 potions of ambrosia {unknown}
 k - 2 potions of attraction {unknown}
 q - 3 potions of mutation {unknown}
 w - 2 potions of curing


   Skills:
 + Level 4.1 Fighting
 + Level 3.7 Dodging
 + Level 4.7 Unarmed Combat
 + Level 3.7 Spellcasting
 + Level 4.0 Transmutations


You had 7 spell levels left.
You knew the following spells:

 Your Spells              Type           Power      Damage    Failure   Level
a - Beastly Appendage     Tmut           44%        N/A       3%          1
b - Wereblood             Tmut           22%        N/A       4%          2
c - Spider Form           Tmut/Pois      13%        N/A       14%         3

Your spell library contained the following spells:

 Spells                   Type           Power      Damage    Failure   Level
 Cigotuvi's Dreadful Rot  Necr/Pois/Air  8%         N/A       16%         2
 Poisonous Vapours        Pois/Air       8%         N/A       16%         2
 Dazzling Flash           Conj/Hex       8%         N/A       26%         3
 Mephitic Cloud           Conj/Pois/Air  4%         N/A       26%         3
 Ice Form                 Ice/Tmut       13%        N/A       34%         4
 Agony                    Necr           4%         N/A       86%         5
 Silence                  Hex/Air        2%         N/A       86%         5


Dungeon Overview and Level Annotations

Branches:
Dungeon (5/15)
 Temple: D:4-7

Altars:
Cheibriados
Dithmenos

Annotations:
D:3 3 runed translucent doors, FizzleBangTC's ghost, amateur MeEE


Innate Abilities, Weirdness & Mutations

You are a venomous arachnid creature.
You have poisonous fangs.
You are tiny and dextrous.
Your spellcasting is less reliable in this form.
Your armour is entirely melded.
You are incapable of wielding weapons or throwing items.
((You can breathe blasts of fire.))
((Your fiery red scales are hard. (AC +6)))
You cannot fit into any form of body armour.
((Your flesh is heat resistant. (rF+)))
((You are cold-blooded and may be slowed by cold attacks.))


Message History

There is an escape hatch in the floor here.
A two-headed ogre opens the door.
It is wielding two +0 giant clubs.
A two-headed ogre is nearby!
You close the door.
A two-headed ogre opens the door.
You close the door.
A two-headed ogre opens the door.
You close the door.
A two-headed ogre opens the door.
You close the door.
A two-headed ogre opens the door.
Casting: Beastly Appendage (safe; 1% risk of failure)
Confirm with . or Enter, or press ? or * to list all spells.
Okay, then.
Casting: Beastly Appendage (safe; 1% risk of failure)
Confirm with . or Enter, or press ? or * to list all spells.
You turn into a venomous arachnid creature.
You barely miss the two-headed ogre.
The two-headed ogre completely misses you.
The two-headed ogre barely misses you.
You hit the two-headed ogre but do no damage.
The two-headed ogre barely misses you.
The two-headed ogre hits you with a +0 giant club!
You hit the two-headed ogre.
The two-headed ogre is lightly wounded.
You hit the two-headed ogre but do no damage.
The two-headed ogre is poisoned.
The two-headed ogre is lightly wounded.
The two-headed ogre misses you.
The two-headed ogre hits you with a +0 giant club!
You bite the two-headed ogre!
The two-headed ogre looks as sick as possible!
The two-headed ogre is moderately wounded.
You hit the two-headed ogre but do no damage.
The two-headed ogre looks as sick as possible!
The two-headed ogre is moderately wounded.
The two-headed ogre completely misses you.
The two-headed ogre hits you with a +0 giant club!
You completely miss the two-headed ogre.
The two-headed ogre is moderately wounded.
The two-headed ogre hits you with a +0 giant club!
* * * LOW HITPOINT WARNING * * *
The two-headed ogre hits you with a +0 giant club!
You die...

#.....'....#....
#.....#....#....
#.....#....#....
####'##....#....
#...#######....
#...##...##...# #...........
################+##...........
#...............sO............
#................#............
#................#............
####..#######...###..###..####
...#..##...##...###))###..##
...#........#.....)........#
...#........#..............#
...#..>.....#..............#
...#........#...#..........#


You could see a two-headed ogre (extremely poisoned).

Vanquished Creatures
  An ice beast (D:5)
  6 scorpions
  A howler monkey (D:4)
  An orc priest (D:3)
  A jelly (D:5)
  An iguana (D:4)
  5 gnolls
  An adder (D:3)
  An ufetubus (D:4)
  3 worms (D:2)
  A dart slug (D:1)
  8 orcs
  3 bats (D:1)
  8 endoplasms
  3 giant cockroaches
  5 goblins
  4 hobgoblins (D:1)
  11 jackals (D:3)
  2 quokkas
  4 ball pythons
  3 frilled lizards
  6 kobolds
  9 rats
88 creatures vanquished.

Notes
Turn   | Place    | Note
-------+----------+-------------------------------------------
     0 | D:1      | runemasterragnar the Draconian Transmuter began the quest
                  | for the Orb.
     0 | D:1      | Reached XP level 1. HP: 16/16 MP: 3/3
    30 | D:1      | Reached XP level 2. HP: 22/23 MP: 3/5
    55 | D:1      | Learned a level 2 spell: Wereblood
   268 | D:1      | Reached XP level 3. HP: 29/29 MP: 4/6
   686 | D:1      | Found a faded altar of an unknown god.
   691 | D:1      | Prayed at the altar of an unknown god.
   691 | D:1      | Became a worshipper of Cheibriados the Contemplative
   691 | D:1      | Reached * piety under Cheibriados
   816 | D:2      | Identified the +8 sling of Innocence {vorpal, rF++ rCorr
                  | Int-5}
  1475 | D:3      | Reached XP level 4. HP: 36/36 MP: 7/7
  1481 | D:3      | Reached ** piety under Cheibriados
  1498 | D:3      | Found a runed translucent gate.
  1498 | D:3      | Found a runed translucent gate.
  1498 | D:3      | Found a runed translucent gate.
  1498 | D:3      | Noticed FizzleBangTC's ghost (amateur MeEE)
  2113 | D:4      | Reached XP level 5. HP: 32/42 MP: 6/9
  2203 | D:4      | Reached XP level 6. HP: 50/51 MP: 10/10
  2217 | D:4      | Reached *** piety under Cheibriados
  2256 | D:4      | Identified the +10 long sword "Diyd" {vorpal, rC- Will+
                  | Dex+7 Stlth-}
  2636 | D:4      | Your scales start taking on a fiery red colour.
  2636 | D:4      | Reached XP level 7. HP: 53/58 MP: 12/12
  2636 | D:4      | Gained mutation: Your flesh is heat resistant. (rF+) [Red
                  | Draconian growth]
  2662 | D:4      | Learned a level 3 spell: Spider Form
  2906 | D:5      | Entered Level 5 of the Dungeon
  2911 | D:5      | Found a snail-covered altar of Cheibriados.
  3028 | D:5      | Found a shadowy altar of Dithmenos.
  3181 | D:5      | Noticed a two-headed ogre
  3192 | D:5      | Slain by a two-headed ogre

Illustrated notes

Levels and vault maps discovered:
D:1:      roderic_dead_forest, layout_basic, shapermc_ecumenical_altar_petra
D:2:      layout_loops_cross
D:3:      layout_loops_cross, gammafunk_ghost_necromancy
D:4:      layout_loops_ring, nrook_mini_backslash
D:5:      layout_gridville, mainiacjoe_overflow_paths,
          nicolae_dithmenos_shadow_blocks

Skill      XL: |  1  2  3  4  5  6  7 |
---------------+----------------------+-----
Dodging        | 2 3 |  3.7
Fighting       | 2 3 4 |  4.1
Transmutations | 3 4 |  4.0
Unarmed Combat | 4 |  4.7
Spellcasting   | 3 |  3.7

Action                   |  1- 3 |  4- 6 |  7- 9 || total
-------------------------+-------+-------+-------++-------
Melee: Unarmed           |   108 |    69 |    26 ||   203
       Kick              |    23 |    23 |     5 ||    51
       Tailslap          |    10 |     9 |     3 ||    22
       Headbutt          |    13 |    13 |     1 ||    27
       Punch             |     3 |       |       ||     3
       Long sword        |       |    22 |     1 ||    23
 Cast: Beastly Appendage |    27 |    18 |     5 ||    50
       Wereblood         |     1 |     4 |     1 ||     6
       Spider Form       |       |       |     2 ||     2
 Abil: Breathe Fire      |       |       |     1 ||     1
  Use: Potion            |       |     2 |       ||     2
 Stab: Sleeping          |     1 |     1 |     1 ||     3
Armor: Skin              |    33 |    23 |     2 ||    58
Dodge: Dodged            |    86 |    86 |    17 ||   189

Table legend: (Time is in decaauts)
 A = Elapsed time spent in this place.
 B = Non-inter-level travel time spent in this place.
 C = Inter-level travel time spent in this place.
 D = Time resting spent in this place.
 E = Time spent auto-exploring this place.
 F = Levels seen in this place.
 G = Mean time per level.
                   A        B        C        D        E       F      G
               +--------+--------+--------+--------+--------+-----+--------+
         Total |   4193 |   4061 |    132 |      0 |   3408 |   5 |  838.6 |
       Dungeon |   4193 |   4061 |    132 |      0 |   3408 |   5 |  838.6 |
               +--------+--------+--------+--------+--------+-----+--------+

Top non-repeatable levels by time:
     D:4: 1173 daAuts
     D:3: 947 daAuts
     D:2: 909 daAuts
     D:1: 750 daAuts
     D:5: 411 daAuts
